 Dungeon Crawl Stone Soup version 0.30-a0-702-gdf48620a09 (webtiles) character file.

Game seed: 2637696300184219223

97 BaabKaare the Firebug (level 4, -1/35 HPs)
             Began as a Draconian Fire Elementalist on Jan 21, 2023.
             Was a Follower of Makhleb.
             Slain by Grinder (5 damage)
             ... on level 3 of the Dungeon.
             The game lasted 00:09:36 (4204 turns).

BaabKaare the Firebug (Draconian Fire Elementalist) Turns: 4204, Time: 00:09:36

Health: -1/35      AC:  5    Str:  7 (10) XL:     4   Next: 42%
Magic:  0/8        EV: 12    Int: 15 (17) God:    Makhleb [*.....]
Gold:   156        SH:  0    Dex: 10 (12) Spells: 2/8 levels left

rFire   . . .      SeeInvis .    (no weapon)
rCold   . . .      Faith    .    (no shield)
rNeg    . . .      Spirit   .    (body armour unavailable)
rPois   .          Reflect  .    (helmet restricted)
rElec   .          Harm     .    (no cloak)
rCorr   .          Rampage  .    (no gloves)
Will    .....                    (no boots)
Stlth   ++                       (no amulet)
HPRegen 0.25/turn                (no ring)
MPRegen 0.11/turn                (no ring)

@: very slightly contaminated
A: AC +5, unfitting armour, cold-blooded
a: Renounce Religion


You were on level 3 of the Dungeon.
You worshipped Makhleb.
Makhleb was aware of your devotion.
You visited 1 branch of the dungeon, and saw 3 of its levels.

You collected 156 gold pieces.

Inventory:

Magical Staves
 l - a staff of death
Scrolls
 a - a scroll of identify {unknown}
 b - 4 scrolls of teleportation {unknown}
 e - a scroll of silence {unknown}
 f - 2 scrolls of fog {unknown}
 g - a scroll of blinking {unknown}
 i - 2 scrolls of poison {unknown}
 j - a scroll of magic mapping {unknown}
 k - 2 scrolls of enchant armour {unknown}
 n - a scroll of noise {unknown}
Potions
 c - a potion of might {unknown}


   Skills:
 + Level 1.3 Fighting
 + Level 2.1 Dodging
 + Level 2.1 Stealth
 + Level 2.8 Spellcasting
 + Level 1.3 Conjurations
 + Level 4.0 Fire Magic


You had 2 spell levels left.
You knew the following spells:

 Your Spells              Type           Power      Damage    Failure   Level
a - Foxfire               Conj/Fire      40%        2x1d6     7%          1
b - Scorch                Fire           28%        2d6       6%          2
c - Inner Flame           Hex/Fire       8%         N/A       26%         3

Your spell library contained the following spells:

 Spells                   Type           Power      Damage    Failure   Level
 Kindle Blastsparks       Fire/Tloc/Air  12%        2d11      34%         3
 Flame Wave               Conj/Fire      10%        2d6       56%         4


Dungeon Overview and Level Annotations

Branches:
Dungeon (3/15)

Altars:
Makhleb

Annotations:
D:3 Grinder


Innate Abilities, Weirdness & Mutations

Your plain brown scales are hard. (AC +5)
You cannot fit into any form of body armour.
You are cold-blooded and may be slowed by cold attacks.


Message History

a +0 club; a +0 robe
There is a stone staircase leading down here.
You climb downwards.
Level annotation: Grinder
There is a stone staircase leading up here.
Casting: Foxfire (safe; 7% risk of failure)
Confirm with . or Enter, or press ? or * to list all spells.
Okay, then.
Found 4 gold pieces.
There is an open door here.
Casting: Foxfire (safe; 7% risk of failure)
Confirm with . or Enter, or press ? or * to list all spells.
You miscast Scorch.
You are very lightly contaminated with residual magic.
Nothing appears to happen.
Casting: Scorch (safe; 6% risk of failure)
Confirm with . or Enter, or press ? or * to list all spells.
You miscast Scorch.
Nothing appears to happen.
Grinder blinks!
Grinder gestures at you. Pain shoots through your body!
Casting: Scorch (safe; 6% risk of failure)
Confirm with . or Enter, or press ? or * to list all spells.
Flames lash Grinder.
Grinder is burned terribly!
Grinder is lightly wounded.
Grinder hits you!
You writhe in agony.
* * * LOW HITPOINT WARNING * * *
Casting: Scorch (safe; 6% risk of failure)
Confirm with . or Enter, or press ? or * to list all spells.
Flames lash Grinder.
Grinder is burned terribly!
Grinder is heavily wounded.
Grinder hits you but does no damage.
Casting: Scorch (safe; 6% risk of failure)
Confirm with . or Enter, or press ? or * to list all spells.
You don't have enough magic to cast this spell.
Grinder attacks as you move away! Grinder barely misses you.
There is an open door here.
Grinder attacks as you move away! Grinder hits you!
* * * LOW HITPOINT WARNING * * *
You writhe in agony.
You die...

#####.# #<....#
#####+#@#####.#
#......5......#
#...........$.#
#...........####
#..$........####
#...........##
#...........###
##########......
..####


You could see Grinder (combustible).

Vanquished Creatures
  Jessica (D:2)
  An adder (D:2)
  4 dart slugs
  5 ball pythons
  5 endoplasms
  A giant cockroach (D:2)
  5 goblins (D:2)
  7 hobgoblins
  6 jackals (D:2)
  A quokka (D:1)
  5 bats
  2 frilled lizards (D:1)
  2 kobolds
  A rat (D:3)
46 creatures vanquished.

Vanquished Creatures (others)
  53 foxfires
53 creatures vanquished.

Grand Total: 99 creatures vanquished

Notes
Turn   | Place    | Note
-------+----------+-------------------------------------------
     0 | D:1      | BaabKaare the Draconian Fire Elementalist began the quest
                  | for the Orb.
     0 | D:1      | Reached XP level 1. HP: 14/14 MP: 3/3
   583 | D:2      | Found a burning altar of Makhleb.
   637 | D:2      | Reached XP level 2. HP: 13/20 MP: 1/5
   692 | D:1      | Learned a level 2 spell: Scorch
   700 | D:2      | Became a worshipper of Makhleb the Destroyer
  1789 | D:2      | Reached XP level 3. HP: 26/26 MP: 1/6
  2446 | D:2      | Reached * piety under Makhleb
  2627 | D:2      | Reached skill level 1 in Fighting
  3086 | D:2      | Reached XP level 4. HP: 35/35 MP: 2/7
  3239 | D:2      | Learned a level 3 spell: Inner Flame
  3714 | D:3      | Noticed Grinder
  3715 | D:3      | Noticed Jessica
  3978 | D:2      | Killed Jessica
  3979 | D:2      | Reached skill level 4 in Fire Magic
  4204 | D:3      | Slain by Grinder

Illustrated notes

Levels and vault maps discovered:
D:1:      amcnicky_arrival_wind_blow, layout_basic
D:2:      layout_basic, basic_altar, nicolae_kite_square_tiling_tiny
D:3:      layout_basic, lemuel_doored_altar, hellmonk_ecumenical_altar_lost_god,
          dk_vineyard_1, reono_crystal_passage, uniq_grinder, uniq_sigmund,
          uniq_terence, uniq_jessica

Skill      XL: |  1  2  3  4 |
---------------+-------------+-----
Stealth        | 2 |  2.1
Dodging        | 2 |  2.1
Fighting       | 1 |  1.3
Fire Magic     | 4 |  4.0
Spellcasting   | |  2.8
Conjurations   | |  1.3

Action                   |  1- 3 |  4- 6 || total
-------------------------+-------+-------++-------
 Cast: Foxfire           |    28 |     2 ||    30
       Scorch            |    35 |    11 ||    46
  Use: Potion            |     6 |       ||     6
Armor: Skin              |   114 |     2 ||   116
Dodge: Dodged            |   218 |     7 ||   225

Table legend: (Time is in decaauts)
 A = Elapsed time spent in this place.
 B = Non-inter-level travel time spent in this place.
 C = Inter-level travel time spent in this place.
 D = Time resting spent in this place.
 E = Time spent auto-exploring this place.
 F = Levels seen in this place.
 G = Mean time per level.
                   A        B        C        D        E       F      G
               +--------+--------+--------+--------+--------+-----+--------+
         Total |   4220 |   4122 |     98 |   2590 |    781 |   3 | 1406.7 |
       Dungeon |   4220 |   4122 |     98 |   2590 |    781 |   3 | 1406.7 |
               +--------+--------+--------+--------+--------+-----+--------+

Top non-repeatable levels by time:
     D:2: 2492 daAuts
     D:1: 1696 daAuts
     D:3: 31 daAuts
